 Dungeon Crawl Stone Soup version 0.22-a0-189-g981819d (webtiles) character file.

15012 wolfsongas the Cleaver (level 11, 0/103 HPs)
             Began as a Deep Dwarf Fighter on Feb 15, 2018.
             Was an Elder of Makhleb.
             Slain by a yak (2 damage)
             ... on level 1 of the Lair of Beasts.
             The game lasted 00:18:46 (8370 turns).

wolfsongas the Cleaver (Deep Dwarf Fighter)         Turns: 8370, Time: 00:18:46

Health: 0/103      AC: 14    Str: 23    XL:     11   Next: 96%
Magic:  7/7        EV:  3    Int:  7    God:    Makhleb [****..]
Gold:   691        SH:  7    Dex: 12    Spells: 10/10 levels left

rFire    + . .     SeeInvis .   a - +2 war axe
rCold    . . .     Gourm    +   c - +0 shield
rNeg     . . .     Faith    .   t - +0 plate armour
rPois    .         Spirit   .   (helmet restricted)
rElec    .         Reflect  .   p - +1 cloak
rCorr    .         Harm     .   z - +0 pair of gloves
MR       ++...                  v - +0 pair of boots
Stlth    ..........             n - amulet of the gourmand
HPRegen  0.00/turn              i - ring of protection from magic
MPRegen  0.10/turn              b - ring of protection from fire

@: non-regenerating, extremely drained
A: damage resistance, heal wounds, horns 1, talons 1, dopey 1, sense
surroundings 2, no regeneration
a: Heal Wounds, Minor Destruction, Lesser Servant of Makhleb, Major Destruction,
Renounce Religion


You were on level 1 of the Lair of Beasts.
You worshipped Makhleb.
Makhleb was greatly pleased with you.
You were very full.

You visited 2 branches of the dungeon, and saw 12 of its levels.

You collected 691 gold pieces.

Inventory:

Hand Weapons
 a - a +2 war axe (weapon)
Armour
 c - a +0 shield (worn)
 p - a +1 cloak (worn)
 t - a +0 plate armour (worn)
 v - a +0 pair of boots (worn)
 z - a +0 pair of gloves (worn)
Jewellery
 b - a ring of protection from fire (right hand)
 i - a ring of protection from magic (left hand)
 n - an amulet of the gourmand (around neck)
Wands
 g - a wand of iceblast (8)
 o - a wand of flame (40)
 u - a wand of digging (16)
 w - a wand of acid (11)
Scrolls
 e - 3 scrolls of identify
 h - 4 scrolls of remove curse
 k - 8 scrolls of teleportation
 s - a scroll of magic mapping
 C - a scroll of amnesia
Potions
 l - a potion of lignification
 m - a potion of magic
 x - a potion of curing
 A - a potion of resistance
 B - 2 potions of agility
Comestibles
 f - 18 rations


   Skills:
 + Level 8.0(0.0) Fighting
 * Level 12.5(0.0) Axes
 + Level 9.4(0.0) Armour
 + Level 8.8(0.0) Dodging
 + Level 9.5(0.0) Shields


You had 10 spell levels left.
You didn't know any spells.

Dungeon Overview and Level Annotations

Branches:
Dungeon (11/15)            Temple (0/1) D:7            Lair (1/6) D:9
    Orc: D:9-12

Altars:
Cheibriados
Dithmenos
Elyvilon
Fedhas
Gozag
Hepliaklqana
Kikubaaqudgha
Makhleb
Nemelex Xobeh
Ru
Sif Muna
Vehumet
Xom
The Shining One

Annotations:
D:6 5 runed doors


Innate Abilities, Weirdness & Mutations

You are resistant to damage.
You can heal yourself by infusing magical energy.
You passively map the area around you.
You do not regenerate.
You have a pair of small horns on your head.
You have sharp toenails.
You are dopey. (Int -2)


Message History

The yak barely misses you. The yak gores you!
* * * LOW HITPOINT WARNING * * *
The yak gores you!
* * * LOW HITPOINT WARNING * * *
You block the komodo dragon's attack. You block the yak's attack.
You slash the yak! You headbutt the yak, but do no damage.
The yak is almost dead.
You barely miss the yak. You closely miss the yak. You hit the yak.
Your plate armour prevents you from hitting the yak.
You barely miss the komodo dragon. The yak barely misses you.
The yak gores you but does no damage. You block the yak's attack. x2
The komodo dragon hisses menacingly.
The komodo dragon bites you.
* * * LOW HITPOINT WARNING * * *
The yak gores you.
* * * LOW HITPOINT WARNING * * *
The yak gores you. The yak gores you!
* * * LOW HITPOINT WARNING * * *
The yak gores you.
You die...

* , , * ,
.....###...### * *
, #............, *
*, * #.......... ,
, , * #........# ,
,* , *
#.%......###. * ,,
#............,,* *
#.rYYY......., * *
###..Y@Y......., *
* , *
####....l...}.....
..
..................
##..
.[.###P...........
#..# ,*
##P...(......, *
#P.## *
###......... , ,
#... ##........, ,
#..* #........, ,
#.# ###..####.. ,


You could see a komodo dragon, 5 yaks and a porcupine.

Vanquished Creatures
  2 two-headed ogres
  The ghost of mdefp the Blocker, a novice MiFi of Okawaru (D:8)
  Nergalle (D:10)
  An unseen horror (D:10)
  Pikel (D:6)
  A spiny frog (Lair:1)
  A komodo dragon (Lair:1)
  A hippogriff (D:5)
  4 yaks (D:10)
  4 hungry ghosts
  4 porcupines (Lair:1)
  2 ice beasts (D:9)
  3 sky beasts
  2 orc warriors
  3 slaves (D:6)
  6 ogres
  A phantom (D:9)
  3 centaurs
  2 big kobolds
  13 bullfrogs
  2 scorpions
  4 wights (D:6)
  9 killer bees
  2 howler monkeys (D:8)
  6 crimson imps
  10 hounds
  3 orc priests
  5 orc wizards
  Crazy Yiuf (D:2)
  A centaur skeleton (D:8)
  7 iguanas
  10 worker ants
  A killer bee zombie (D:7)
  A hound zombie (D:9)
  A hound skeleton (D:10)
  Robin (D:2)
  4 gnolls (D:4)
  16 adders
  4 shadow imps
  2 oozes
  3 adder skeletons
  3 adder zombies
  3 worms
  A dart slug (D:2)
  3 leopard geckos
  35 orcs
  9 bats
  2 giant cockroaches
  10 hobgoblins
  6 jackals
  2 quokkas (D:9)
  2 frilled lizards
  14 goblins
  30 kobolds
  A leopard gecko zombie (D:7)
  9 rats
  A plant (D:4)
280 creatures vanquished.

Vanquished Creatures (collateral kills)
  Sonja (D:10)
1 creature vanquished.

Vanquished Creatures (others)
  3 plants (D:4)
3 creatures vanquished.

Grand Total: 284 creatures vanquished

Notes
Turn   | Place    | Note
-------+----------+-------------------------------------------
     0 | D:1      | wolfsongas the Deep Dwarf Fighter began the quest for the Orb.
     0 | D:1      | Reached XP level 1. HP: 20/20 MP: 1/1
   110 | D:1      | Reached XP level 2. HP: 24/27 MP: 2/2
   788 | D:2      | Reached skill level 3 in Axes
   883 | D:2      | Reached XP level 3. HP: 23/33 MP: 3/3
   901 | D:2      | Noticed Robin
   908 | D:2      | Reached skill level 1 in Dodging
   921 | D:2      | Killed Robin
   921 | D:2      | Reached XP level 4. HP: 8/42 MP: 4/4
  1233 | D:2      | Found a runed door.
  1237 | D:2      | Noticed Crazy Yiuf
  1245 | D:2      | Killed Crazy Yiuf
  1466 | D:3      | Found a shadowy altar of Dithmenos.
  1642 | D:3      | Found a sacrificial altar of Ru.
  1642 | D:3      | Found an opulent altar of Gozag.
  1642 | D:3      | Found a blossoming altar of Fedhas.
  1653 | D:3      | Found a sparkling altar of Nemelex Xobeh.
  1721 | D:3      | Reached XP level 5. HP: 18/49 MP: 5/5
  1727 | D:3      | Found a burning altar of Makhleb.
  1739 | D:3      | Became a worshipper of Makhleb the Destroyer
  1848 | D:3      | Found an ancient bone altar of Kikubaaqudgha.
  2110 | D:3      | Reached skill level 4 in Axes
  2373 | D:4      | Reached XP level 6. HP: 32/56 MP: 6/6
  2388 | D:4      | Reached * piety under Makhleb
  2660 | D:4      | Found a hazy altar of Hepliaklqana.
  2986 | D:4      | Reached skill level 5 in Axes
  3207 | D:5      | Entered Level 5 of the Dungeon
  3306 | D:5      | Reached XP level 7. HP: 45/63 MP: 7/7
  3387 | D:5      | Found a white marble altar of Elyvilon.
  3416 | D:5      | Noticed a hippogriff
  3429 | D:5      | Killed a hippogriff
  3429 | D:5      | Reached skill level 5 in Shields
  3492 | D:5      | Reached skill level 5 in Armour
  3507 | D:5      | Found a shimmering altar of Xom.
  3556 | D:5      | Reached skill level 6 in Axes
  3562 | D:5      | Found a blossoming altar of Fedhas.
  3769 | D:6      | Reached XP level 8. HP: 51/73 MP: 8/8
  3772 | D:6      | Reached ** piety under Makhleb
  3865 | D:6      | Found the +9 staff of Olgreb {rPois}
  3873 | D:6      | Found a runed gate.
  3874 | D:6      | Found a runed door.
  3908 | D:6      | Found a runed gate.
  3908 | D:6      | Found a runed gate.
  3916 | D:6      | Found a runed door.
  3997 | D:6      | Noticed Pikel
  4025 | D:6      | Killed Pikel
  4025 | D:6      | Reached skill level 5 in Fighting
  4025 | D:6      | Reached skill level 7 in Axes
  4455 | D:7      | Gained mutation: You passively map the area around you. [Deep Dwarf growth]
  4455 | D:7      | Reached XP level 9. HP: 61/81 MP: 9/9
  4492 | D:7      | Reached skill level 5 in Dodging
  4504 | D:7      | Reached skill level 8 in Axes
  4581 | D:7      | Found a staircase to the Ecumenical Temple.
  4692 | D:7      | Found a glowing golden altar of the Shining One.
  4803 | D:7      | Reached *** piety under Makhleb
  4862 | D:7      | Gained mutation: You are dopey. (Int -2) [potion of mutation]
  4862 | D:7      | Gained mutation: You have a pair of small horns on your head. [potion of mutation]
  4862 | D:7      | Gained mutation: You have sharp toenails. [potion of mutation]
  5475 | D:8      | Reached skill level 9 in Axes
  5623 | D:8      | Noticed mdefp's ghost (novice MiFi)
  5655 | D:8      | Killed mdefp's ghost
  5655 | D:8      | Reached XP level 10. HP: 52/91 MP: 10/10
  5757 | D:8      | Found a radiant altar of Vehumet.
  5858 | D:8      | Reached **** piety under Makhleb
  6308 | D:8      | Reached skill level 11 in Axes
  6308 | D:8      | Reached XP level 11. HP: 94/100 MP: 11/11
  6328 | D:9      | Found a deep blue altar of Sif Muna.
  6328 | D:9      | Found a snail-covered altar of Cheibriados.
  6333 | D:9      | Found a staircase to the Lair.
  6357 | D:9      | Noticed a two-headed ogre
  6372 | D:9      | Killed a two-headed ogre
  6952 | D:10     | Entered Level 10 of the Dungeon
  6964 | D:10     | Found a radiant altar of Vehumet.
  7061 | D:10     | Killed an unseen horror
  7192 | D:10     | Noticed Nergalle
  7226 | D:10     | Noticed a spectral orc warlord
  7226 | D:10     | Killed Nergalle
  7226 | D:10     | Reached skill level 12 in Axes
  7256 | D:10     | Noticed a two-headed ogre
  7263 | D:10     | Killed a two-headed ogre
  7538 | D:10     | Noticed Sonja
  7836 | D:10     | Killed Sonja
  8046 | D:11     | Found a sparkling altar of Nemelex Xobeh.
  8131 | D:11     | Noticed a green ugly thing
  8155 | D:11     | HP: 2/103 [green ugly thing (7)]
  8209 | Lair:1   | Entered Level 1 of the Lair of Beasts
  8359 | Lair:1   | HP: 4/103 [yak (7)]
  8363 | Lair:1   | HP: 1/103 [yak (7)]
  8368 | Lair:1   | HP: 5/103 [yak (4)]
  8370 | Lair:1   | HP: 2/103 [yak (6)]
  8370 | Lair:1   | Slain by a yak

Vault maps used:
D:1:      dpeg_arrival_leaves_temple_mockup
D:2:      uniq_robin, uniq_crazy_yiuf_cottage
D:3:      kiku_gazebo_pond_becter, nicolae_overflow_quartered_altars,
          makhleb_heckhound_becter, first_ration,
          grunt_dithmenos_smoke_and_mirrors
D:4:      kennysheep_kobold_camp, lemuel_round_altar, nrook_mini_vaults
D:5:      lemuel_crystal_altar, elyvilon_altar_3, serial_park_tiny_pond,
          fedhas_altar_1
D:6:      hangedman_decor_points, minmay_guarded_unrand_staff_of_olgreb,
          uniq_pikel
D:7:      kennysheep_little_box, temple_statues
D:8:      kennysheep_mini_moat
D:9:      grunt_temple_overflow_open, lair_entry_dummy
D:10:     basic_altar, uniq_nergalle, uniq_sonja
D:11:     orc_0_dummy, serial_shops, nicolae_shop_behind_doors, grunt_pizzeria,
          nemelex_xobeh_ov_fountains_minmay
Lair:1:   beast_lair_carwin_3, lemuel_fruit_fields

Skill      XL: |  1  2  3  4  5  6  7  8  9 10 11 |
---------------+----------------------------------+-----
Axes           | 3 4 5 6 7 9 11 12 | 12.5
Dodging        | 1 2 3 4 6 7 8 |  8.8
Fighting       | 3 4 5 6 7 8 |  8.0
Shields        | 4 5 6 7 8 9 |  9.5
Armour         | 4 5 6 7 8 9 |  9.4

Action                   |  1- 3 |  4- 6 |  7- 9 | 10-12 || total
-------------------------+-------+-------+-------+-------++-------
Melee: War axe           |    78 |   242 |   475 |   562 ||  1357
       Headbutt          |       |       |    28 |    79 ||   107
Invok: Minor Destruction |       |       |       |     4 ||     4
       Lesser Servant of |       |       |       |     2 ||     2
 Abil: Heal Wounds       |       |     2 |     1 |    21 ||    24
  Use: Potion            |     1 |     4 |     2 |     6 ||    13
       Scroll            |       |    12 |     4 |     7 ||    23
  Eat: Chunk             |       |    13 |    23 |    25 ||    61
       Ration            |       |     1 |       |     2 ||     3
Armor: Scale mail        |    66 |     5 |       |       ||    71
       Chain mail        |       |   159 |   196 |       ||   355
       Plate armour      |       |       |    18 |   752 ||   770
Dodge: Dodged            |    44 |    73 |   158 |   162 ||   437
Block: Shield            |    46 |   180 |   254 |   404 ||   884

Table legend:
 A = Spawn XP
 B = Non-spawn XP
 C = Spawn XP percentage of total XP
 D = Spawn monster count
 E = Non-spawn monster count
 F = Spawn count percentage of total count
 G = Total turns spent on level
                    A         B        C        D         E        F      G
               +---------+---------+-------+---------+---------+-------+---------
         Total |       0 |   15086 |   0.0 |       0 |     277 |   0.0 |  8370
               +---------+---------+-------+---------+---------+-------+---------
           D:1 |       0 |      27 |   0.0 |       0 |      18 |   0.0 |   851
           D:2 |       0 |     114 |   0.0 |       0 |      26 |   0.0 |   615
           D:3 |       0 |      98 |   0.0 |       0 |      15 |   0.0 |   656
           D:4 |       0 |     417 |   0.0 |       0 |      37 |   0.0 |  1134
           D:5 |       0 |     683 |   0.0 |       0 |      13 |   0.0 |   505
           D:6 |       0 |    1428 |   0.0 |       0 |      23 |   0.0 |   685
           D:7 |       0 |    1709 |   0.0 |       0 |      42 |   0.0 |  1023
           D:8 |       0 |    1971 |   0.0 |       0 |      31 |   0.0 |   859
           D:9 |       0 |    1810 |   0.0 |       0 |      15 |   0.0 |   659
          D:10 |       0 |    5205 |   0.0 |       0 |      46 |   0.0 |  1099
          D:11 |       0 |      61 |   0.0 |       0 |       2 |   0.0 |   123
        Lair:1 |       0 |    1563 |   0.0 |       0 |       9 |   0.0 |   161
               +---------+---------+-------+---------+---------+-------+---------
